 Dungeon Crawl Stone Soup version 0.23-a0-890-gc183402 (webtiles) character file.

179525 drasked the Warrior (level 18, -1/178 HPs)
             Began as a Hill Orc Monk on Oct 13, 2018.
             Was the Champion of Beogh.
             Shot with an arrow by a deep elf master archer (13 damage)
             ... on level 3 of the Elven Halls on Jan 28, 2019.
             The game lasted 03:03:57 (42537 turns).

drasked the Warrior (Hill Orc Monk)                Turns: 42537, Time: 03:03:58

Health: -1/178     AC: 26    Str: 25    XL:     18   Next: 24%
Magic:  0/18       EV: 10    Int: 10    God:    Beogh [******]
Gold:   2496       SH: 23    Dex: 13    Spells: 17/17 levels left

rFire    + + .     SeeInvis .   J - +5 broad axe (venom)
rCold    x . .     Gourm    .   f - +1 large shield {rN+}
rNeg     + . .     Faith    .   C - +4 fire dragon scales
rPois    +         Spirit   +   s - +1 helmet "Kalu" {Slay+2}
rElec    .         Reflect  .   K - scarf {cloud immunity}
rCorr    .         Harm     .   b - +0 pair of gloves
MR       ++...                  d - +1 pair of boots {Fly}
Stlth    ..........             I - amulet of guardian spirit {Spirit}
HPRegen  0.39/turn              y - ring of protection from magic {MR+, !d}
MPRegen  0.16/turn              i - ring of Bilebbag {rPois Str+3}

@: flying
A: walk on water
a: Smiting, Recall Orcish Followers, Give Item to Named Follower, Resurrection,
Renounce Religion, Stop Flying


You were on level 3 of the Elven Halls.
You worshipped Beogh.
Beogh was exalted by your worship.
You were hungry.

You visited 7 branches of the dungeon, and saw 32 of its levels.

You collected 3208 gold pieces.
You spent 712 gold pieces at shops.

Inventory:

Hand Weapons
 E - a +3 war axe of chopping
   (You found it on level 7 of the Dungeon)
 G - a +0 glaive of holy wrath
   (You subdued it on level 2 of the Elven Halls)
 J - a +5 broad axe of venom (weapon)
   (You subdued it on level 2 of the Elven Halls)
 M - the +0 glaive of Nemelex Xobeh's Hope {chop, -Tele rN+ MR++}
   (You found it on level 3 of the Swamp)

   It inflicts extra damage upon your enemies.
   It protects you from negative energy.
   It affects your resistance to hostile enchantments.
   It prevents most forms of teleportation.
 N - a +3 vampiric lajatang {!w}
   (You subdued it on level 2 of the Elven Halls)
 O - a +3 bardiche of pain
   (You subdued it on level 2 of the Elven Halls)
 P - a +5 battleaxe of flaming
   (You subdued it on level 2 of the Elven Halls)
 S - a +0 halberd of venom
   (You subdued it on level 2 of the Elven Halls)
Armour
 b - a +0 pair of gloves (worn)
   (You found it on level 4 of the Dungeon)
 d - a +1 pair of boots of flying (worn)
   (You bought it in a shop on level 14 of the Dungeon)
 f - a +1 large shield of positive energy (worn)
   (You bought it in a shop on level 2 of the Orcish Mines)
 s - the +1 helmet "Kalu" (worn) {Slay+2}
   (You found it on level 13 of the Dungeon)

   It affects your accuracy and damage with ranged weapons and melee attacks
   (+2).
 C - +4 fire dragon scales (worn)
   (You took it off an orc on level 11 of the Dungeon)
 K - a scarf of cloud immunity (worn)
   (You found it on level 13 of the Dungeon)
 U - a +1 helmet of see invisible
   (You found it on level 3 of the Elven Halls)
Jewellery
 i - the ring of Bilebbag (right hand) {rPois Str+3}
   (You found it on level 11 of the Dungeon)

   [ring of strength]

   It affects your strength (+3).
   It protects you from poison.
 y - a ring of protection from magic (left hand) {MR+, !d}
   (You found it on level 8 of the Dungeon)
 H - an uncursed ring of flight {+Fly, !d}
   (You found it on level 13 of the Dungeon)
 I - an amulet of guardian spirit (around neck) {Spirit}
   (You found it on level 15 of the Dungeon)
 L - an uncursed ring of see invisible {sInv, !d}
   (You found it on level 12 of the Dungeon)
Wands
 o - a wand of digging (44)
   (You took it off a crimson imp on level 7 of the Dungeon)
 r - a wand of disintegration (23)
   (You found it on level 6 of the Lair of Beasts)
 B - a wand of flame (10)
   (You found it on level 1 of the Elven Halls)
 F - a wand of acid (18)
   (You found it on level 3 of the Swamp)
Scrolls
 a - 12 scrolls of remove curse
 g - 7 scrolls of identify
 l - a scroll of magic mapping {!r}
 n - 3 scrolls of immolation {!r}
 t - 3 scrolls of holy word {!r}
 v - 9 scrolls of amnesia
 w - 5 scrolls of teleportation
 A - 4 scrolls of fog
 D - 3 scrolls of blinking {!r}
Potions
 e - 2 potions of invisibility
 h - 4 potions of magic
 j - 3 potions of brilliance
 k - 4 potions of haste
 m - 6 potions of curing
 p - 3 potions of lignification {!q}
 q - a potion of ambrosia
 u - 5 potions of mutation {!q}
 x - a potion of might
 z - 5 potions of flight
Miscellaneous
 Q - a lightning rod (4/4)
   (You found it on level 3 of the Elven Halls)
 R - 2 boxes of beasts
 T - a crystal ball of energy
   (You found it on level 3 of the Elven Halls)
 V - a phantom mirror
Comestibles
 c - 19 rations


   Skills:
 + Level 19.6 Fighting
 + Level 17.3 Axes
 + Level 18.0 Armour
 - Level 2.4 Dodging
 - Level 1.5 Stealth
 + Level 16.9 Shields


You had 17 spell levels left.
You didn't know any spells.
Your spell library contained the following spells:

 Spells                   Type           Power        Failure   Level  Hunger
 Corona                   Hex            #......      91%         1    ##.....
 Freeze                   Ice            #...         91%         1    ##.....
 Infusion                 Chrm           #...         91%         1    ##.....
 Magic Dart               Conj           #...         91%         1    ##.....
 Blink                    Tloc           N/A          97%         2    ###....
 Call Imp                 Summ           #.......     97%         2    ###....
 Ensorcelled Hibernation  Hex/Ice        #.....       97%         2    ###....
 Searing Ray              Conj           #.....       97%         2    ###....
 Slow                     Hex            #.......     97%         2    ###....
 Song of Slaying          Chrm           #.......     97%         2    ###....
 Throw Frost              Conj/Ice       #.....       97%         2    ###....
 Confuse                  Hex            #.......     99%         3    ####...
 Conjure Flame            Conj/Fire      #.......     99%         3    ####...
 Dazzling Spray           Conj/Hex       #.....       99%         3    ####...
 Inner Flame              Hex/Fire       #.......     99%         3    ####...
 Mephitic Cloud           Conj/Pois/Air  #.......     99%         3    ####...
 Ozocubu's Armour         Chrm/Ice       #.......     99%         3    ####...
 Static Discharge         Conj/Air       #.......     99%         3    ####...
 Tukima's Dance           Hex            #.......     99%         3    ####...
 Force Lance              Conj/Tloc      #.......     100%        4    #####..
 Fulminant Prism          Conj/Hex       #.........   100%        4    #####..
 Iskenderun's Mystic Bla  Conj           #.......     100%        4    #####..
 Leda's Liquefaction      Hex/Erth       #.........   100%        4    #####..
 Summon Ice Beast         Ice/Summ       #.......     100%        4    #####..
 Throw Icicle             Conj/Ice       #.......     100%        4    #####..
 Bolt of Magma            Conj/Fire/Erth #.........   100%        5    ######.
 Borgnjor's Vile Clutch   Necr/Erth      #.........   100%        5    ######.
 Lightning Bolt           Conj/Air       #.........   100%        5    ######.
 Silence                  Hex/Air        #.........   100%        5    ######.
 Darkness                 Hex            #.........   100%        6    #######
 Iron Shot                Conj/Erth      #.........   100%        6    #######
 Shadow Creatures         Summ           N/A          100%        6    #######
 Statue Form              Tmut/Erth      #........    100%        6    #######
 Discord                  Hex            #.........   100%        8    #######
 Ignition                 Fire           #.........   100%        8    #######
 Shatter                  Erth           #.........   100%        9    #######
 Tornado                  Air            #.........   100%        9    #######


Dungeon Overview and Level Annotations

Branches:
Dungeon (15/15)            Temple (1/1) D:7            Lair (6/6) D:10
  Swamp (4/4) Lair:2       Spider (1/4) Lair:3        Slime (0/5) Lair:5
    Orc (2/2) D:10            Elf (3/3) Orc:2        Vaults (0/5) D:14
 Depths (0/5) D:15

Altars:
Ashenzari
Cheibriados
Dithmenos
Elyvilon
Fedhas
Gozag
Hepliaklqana
Kikubaaqudgha
Makhleb
Nemelex Xobeh
Okawaru
Qazlal
Ru
Sif Muna
Trog
Uskayaw
Vehumet
Wu Jian
Xom
Yredelemnul
Zin
The Shining One
Beogh

Shops:
D:7 ([   D:10 *   D:14 *   Orc:1 [   Orc:2 :[%(

Portals:
Trove: Elf:1 (lose all piety)

Annotations:
D:2 Sigmund
D:8 2 transporters
D:9 2 transporters, DapperDogman's ghost, novice MiFi
D:14 3 runed doors, galech's ghost, journeyman DsFi
Swamp:1 3 runed doors, Bieppod's ghost, adept FoFi
Spider:1 2 transporters, Lilu's ghost, adept DEFE
Elf:2 exclusion: Roxanne, Roxanne


Message History

A battlesphere comes into view.
You see here 5 arrows.
Your shield prevents you from hitting the deep elf master archer.
You slash the deep elf mage!
The deep elf mage is poisoned.
The deep elf master archer shoots an arrow.
You block the arrow.
The deep elf master archer shoots an arrow.
You block the arrow. The deep elf mage casts a spell at you.
You block the lance of force.
The deep elf master archer shoots an arrow.
The arrow hits you! The arrow freezes you.
You take 13 damage, and have 77/177 hp.
You now have 9/18 mp.
You slash the deep elf master archer!
The deep elf master archer is poisoned.
You slash the deep elf mage! You slash the battlesphere!
The deep elf master archer shoots an arrow.
You block the arrow.
The deep elf master archer shoots an arrow.
You block the arrow.
The deep elf master archer shoots an arrow.
You block the arrow.
You miss the deep elf master archer. You hit the deep elf mage.
The deep elf mage looks as sick as possible!
You block the deep elf mage's attack.
The deep elf master archer shoots an arrow.
The arrow closely misses you.
The deep elf master archer shoots an arrow.
The arrow hits you!
You take 5 damage, and have 72/177 hp.
You now have 8/18 mp.
You closely miss the deep elf master archer.
Your shield and fire dragon scales prevent you from hitting the deep elf mage.
You block the deep elf mage's attack.
The deep elf master archer shoots an arrow.
You block the arrow.
The deep elf master archer shoots an arrow.
You block the arrow.
You slash the deep elf master archer!
The deep elf master archer looks as sick as possible!
You slice the deep elf mage!!
You kill the deep elf mage!
Beogh accepts your kill.
The battlesphere dissipates.
The deep elf master archer shoots an arrow.
You block the arrow.
The deep elf master archer shoots an arrow.
The arrow hits you!!
* * * LOW HITPOINT WARNING * * *
The deep elf master archer shoots an arrow.
You block the arrow.
You take 19 damage, and have 53/177 hp.
You now have 6/18 mp.
You completely miss the deep elf master archer.
You hit the deep elf master archer.
The deep elf master archer looks as sick as possible!
The deep elf master archer shoots an arrow.
You block the arrow.
You closely miss the deep elf master archer.
You slash the deep elf master archer!
The deep elf master archer looks as sick as possible!
The deep elf master archer shoots an arrow.
You block the arrow.
The deep elf master archer shoots an arrow.
You block the arrow.
The deep elf master archer shoots an arrow.
The arrow hits you!
* * * LOW HITPOINT WARNING * * *
The arrow freezes you.
* * * LOW HITPOINT WARNING * * *
You take 13 damage, and have 40/177 hp.
You now have 5/18 mp.
You hit the deep elf master archer.
The deep elf master archer looks as sick as possible!
You slash the deep elf master archer!
You kill the deep elf master archer!
Beogh accepts your kill.
Your life force feels restored.
The deep elf master archer shoots an arrow.
The arrow closely misses you.
You hit the deep elf master archer but do no damage.
The deep elf master archer looks as sick as possible!
The deep elf master archer shoots an arrow.
The arrow hits you.
* * * LOW HITPOINT WARNING * * *
The arrow freezes you.
You take 1 damage, and have 39/178 hp.
You now have 4/18 mp.
You slash the deep elf master archer!
The deep elf master archer looks as sick as possible!
The deep elf master archer shoots an arrow.
The arrow hits you but does no damage.
You slash the deep elf master archer!
The deep elf master archer shoots an arrow.
You block the arrow.
You hit the deep elf master archer but do no damage.
The deep elf master archer looks as sick as possible!
The deep elf master archer shoots an arrow.
The arrow hits you!!
* * * LOW HITPOINT WARNING * * *
The arrow freezes you!
* * * LOW HITPOINT WARNING * * *
The deep elf master archer shoots an arrow.
The arrow hits you!
You die...

#######
###.....###
+....⌠....+
#(e)).#
###@### #.#
#.# #####
#.# #####
#...# #.#
#..[# #.[.#
#.# #.)[#
##'## #(#
##'##
##...###
###.###
###...##
.......###
###.....###
###.......


You could see a deep elf master archer.

Vanquished Creatures
  2 deep elf blademasters (Elf:3)
  2 deep elf master archers (Elf:3)
  4 sphinxes (Elf:3)
  2 thorn hunters
  Kirke (Lair:6)
  The ghost of George the Warrior, a journeyman MiFi of Makhleb (D:13)
  5 deep elf sorcerers (Elf:3)
  A deep elf elementalist (Elf:3)
  A vampire knight (D:15)
  2 deep elf demonologists (Elf:3)
  4 deep elf annihilators (Elf:3)
  A fire dragon (Elf:3)
  2 deep elf death magi (Elf:3)
  A merfolk impaler (D:13)
  3 deep elf high priests
  A hydra (Swamp:3)
  5 vault guards (Elf:1)
  A shambling mangrove (Swamp:1)
  3 centaur warriors
  2 ghost crabs
  8 alligators
  11 two-headed ogres
  A death knight (D:13)
  19 dancing weapons
  A tengu warrior (D:13)
  2 ogre magi
  10 deep elf knights
  3 unseen horrors
  Pikel (D:6)
  A spriggan druid (Swamp:3)
  5 deep elf archers
  5 swamp dragons
  A lindwurm (Lair:6)
  2 harpies (Elf:3)
  2 orc sorcerers
  6 manticores (Elf:3)
  20 deep elf magi
  6 ugly things
  2 centaur zombies
  An elephant (Lair:3)
  2 cyclopes
  Maurice (D:12)
  8 spiny frogs
  2 torpor snails (Lair:6)
  A gargoyle (D:15)
  2 rime drakes
  2 kobold demonologists (D:15)
  A demonic crawler (Spider:1)
  An ice devil (D:11)
  4 trolls
  A jumping spider (Spider:1)
  9 hornets
  6 tyrant leeches
  8 slime creatures
  4 blink frogs
  3 hippogriffs
  A centaur simulacrum (D:15)
  A shadow (D:7)
  11 redbacks
  3 spriggans
  4 air elementals
  A water elemental (Elf:1)
  A wraith (D:13)
  8 yaks
  3 tarantellas (Spider:1)
  A basilisk (Lair:1)
  2 fire elementals
  9 vampire mosquitoes
  A hungry ghost (D:8)
  A steam dragon (Lair:2)
  6 swamp worms
  A soldier ant (D:9)
  4 water moccasins
  2 hell hounds (D:12)
  2 acid dragons (D:12)
  3 orc warriors
  2 sky beasts
  5 ice beasts
  4 porcupines
  6 swamp drakes
  2 phantoms (D:6)
  7 ogres
  3 boggarts (D:14)
  5 wolves
  18 centaurs
  A crocodile (Lair:6)
  2 big kobolds
  An earth elemental (Elf:1)
  A wyvern zombie (D:11)
  7 bullfrogs
  A water moccasin skeleton (D:11)
  3 killer bees
  5 scorpions
  3 howler monkeys
  4 wights (D:14)
  6 crimson imps
  5 hounds
  2 bullfrog zombies
  8 jellies
  2 quasits
  6 orc priests
  13 orc wizards
  3 bullfrog skeletons
  3 centaur skeletons
  Jessica (D:2)
  6 iguanas
  7 worker ants
  2 hound skeletons
  A worker ant zombie (D:6)
  A gnoll (Orc:2)
  10 adders
  2 shadow imps
  3 oozes
  An adder skeleton (D:4)
  3 worms (D:4)
  2 dart slugs
  3 leopard geckos
  33 orcs
  A ball python (D:4)
  13 bats
  4 giant cockroaches
  4 goblins
  4 hobgoblins
  8 jackals
  2 quokkas
  6 frilled lizards
  12 kobolds
  A leopard gecko skeleton (D:7)
  8 rats
  4 fungi
  A plant (Lair:4)
542 creatures vanquished.

Vanquished Creatures (collateral kills)
  A tentacled monstrosity (Swamp:1)
  2 deep elf blademasters
  A deep elf master archer (Elf:3)
  An orc warlord (Swamp:2)
  A sphinx (Elf:3)
  The ghost of Tovarisch the Swashbuckler, an adept VSBe of Trog (Swamp:3)
  A vampire knight (D:15)
  Azrael (D:12)
  3 fire dragons (Elf:3)
  A hell beast (Elf:3)
  14 hydras
  A centaur warrior (D:14)
  A ghost crab (Swamp:4)
  3 ice dragons
  5 two-headed ogres
  3 tengu warriors
  A catoblepas (D:14)
  A shambling mangrove (Swamp:3)
  9 dancing weapons
  5 alligators
  Sonja (D:11)
  A spriggan (Swamp:1)
  3 deep elf knights
  A skeletal warrior (D:11)
  4 slime creatures
  A swamp dragon (Swamp:3)
  An unseen horror (D:11)
  A deep elf archer (Elf:3)
  A lindwurm (Lair:6)
  A harpy (Elf:3)
  An orc knight (Orc:2)
  7 ugly things
  An orb spider (Spider:1)
  A wolf spider (D:11)
  5 cyclopes
  10 deep elf magi
  2 manticores (Elf:3)
  2 centaur zombies
  A black mamba (Lair:6)
  4 elephants (Lair:3)
  2 gargoyles
  4 torpor snails
  6 spiny frogs
  An ice devil (D:11)
  3 komodo dragons
  A kobold demonologist (D:11)
  4 rime drakes
  A tengu conjurer (D:13)
  9 trolls
  6 tyrant leeches
  3 polar bears (Lair:3)
  A queen bee (shapeshifter) (D:15)
  9 hornets
  11 blink frogs
  A bog body (Swamp:3)
  7 hippogriffs
  A shadow (D:11)
  2 tarantellas (Spider:1)
  A water elemental (Elf:3)
  16 yaks
  6 fire elementals
  7 redbacks
  2 wraiths (D:11)
  4 wyverns
  A basilisk (Lair:1)
  2 hungry ghosts
  3 swamp worms
  9 water moccasins
  3 porcupines
  2 hell hounds (Elf:3)
  12 orc warriors
  4 ice beasts
  4 sky beasts
  A black bear (D:8)
  6 ogres
  A necrophage (D:13)
  A phantom (D:8)
  9 centaurs
  8 wolves
  5 crocodiles
  8 big kobolds
  A wyvern zombie (D:11)
  10 bullfrogs
  An earth elemental (Elf:2)
  A wyvern skeleton (D:12)
  2 scorpions
  5 killer bees
  A wight (D:15)
  4 electric eels
  4 howler monkeys
  3 crimson imps
  A bullfrog zombie (D:12)
  A quasit (D:7)
  7 centaur skeletons
  4 orc priests
  5 hounds
  10 jellies
  7 orc wizards
  A bullfrog skeleton (D:13)
  An iguana (D:12)
  7 worker ants
  A hound zombie (D:8)
  A hound skeleton (D:10)
  2 gnolls (Orc:2)
  2 adders
  3 shadow imps
  An adder zombie (D:9)
  A leopard gecko (D:8)
  16 orcs
  7 jackals
  A quokka (D:12)
  7 kobolds
  4 rats (D:9)
  4 fungi
  3 plants
421 creatures vanquished.

Vanquished Creatures (others)
  3 orc warlords
  7 orc knights
  5 humans (Lair:6)
  27 orc warriors
  4 slaves (D:6)
  A centaur (Orc:2)
  2 electric eels (D:13)
  13 orc priests
  A hound (D:11)
  20 orc wizards
  59 orcs
  4 jackals
  A quokka (D:6)
  5 fungi
  9 plants
161 creatures vanquished.

Grand Total: 1124 creatures vanquished

Notes
Turn   | Place    | Note
-------+----------+-------------------------------------------
     0 | D:1      | drasked the Hill Orc Monk began the quest for the Orb.
     0 | D:1      | Reached XP level 1. HP: 19/19 MP: 1/1
    87 | D:1      | HP: 5/20 [bat (1)]
    90 | D:1      | HP: 1/20 [leopard gecko (2)]
   467 | D:1      | Reached XP level 2. HP: 26/27 MP: 2/2
   791 | D:1      | Reached skill level 1 in Armour
  1027 | D:1      | Reached skill level 4 in Fighting
  1202 | D:2      | Noticed Sigmund
  1325 | D:2      | Reached XP level 3. HP: 33/33 MP: 3/3
  1363 | D:2      | Reached skill level 5 in Axes
  1368 | D:2      | Noticed Jessica
  1385 | D:2      | HP: 8/33 [adder (2)]
  1543 | D:2      | Killed Jessica
  1543 | D:2      | Reached XP level 4. HP: 28/41 MP: 4/4
  1975 | D:3      | Found a sacrificial altar of Ru.
  2040 | D:3      | Reached skill level 2 in Armour
  2192 | D:3      | Reached skill level 6 in Axes
  2192 | D:3      | Reached XP level 5. HP: 28/47 MP: 5/5
  2945 | D:4      | Found a burning altar of Makhleb.
  2969 | D:4      | HP: 11/47 [orc wizard/dagger (2)]
  2969 | D:4      | HP: 5/47 [orc wizard/magic dart (6)]
  2979 | D:4      | Reached skill level 5 in Fighting
  2979 | D:4      | Reached XP level 6. HP: 44/56 MP: 6/6
  3147 | D:4      | Reached skill level 7 in Axes
  3147 | D:4      | Reached skill level 3 in Armour
  4013 | D:5      | Entered Level 5 of the Dungeon
  4080 | D:5      | Reached XP level 7. HP: 53/61 MP: 7/7
  4135 | D:5      | Became a worshipper of Beogh the Brigand
  4135 | D:5      | Reached * piety under Beogh
  4135 | D:5      | Reached ** piety under Beogh
  4204 | D:5      | Reached skill level 8 in Axes
  4432 | D:5      | Reached skill level 6 in Fighting
  4432 | D:5      | Reached skill level 4 in Armour
  4537 | D:5      | Noticed a dagger
  4540 | D:5      | Noticed a dagger
  4549 | D:5      | Reached skill level 9 in Axes
  4555 | D:5      | Found a hide-covered altar of Uskayaw.
  4624 | D:5      | Reached XP level 8. HP: 71/71 MP: 8/8
  5280 | D:6      | Noticed Pikel
  5296 | D:6      | Killed Pikel
  5296 | D:6      | Reached skill level 7 in Fighting
  5296 | D:6      | Reached skill level 10 in Axes
  5296 | D:6      | Reached skill level 5 in Armour
  5469 | D:6      | Reached skill level 11 in Axes
  5469 | D:6      | Reached XP level 9. HP: 74/79 MP: 9/9
  5600 | D:6      | Reached skill level 6 in Armour
  5948 | D:6      | Reached *** piety under Beogh
  6095 | D:6      | Found a sacrificial altar of Ru.
  6175 | D:6      | Reached skill level 8 in Fighting
  6242 | D:6      | Found an ancient bone altar of Kikubaaqudgha.
  6732 | D:7      | Found a staircase to the Ecumenical Temple.
  6783 | D:7      | Reached skill level 12 in Axes
  6892 | D:7      | Found Fodghy's Armour Shoppe.
  6943 | D:7      | Found a glowing golden altar of the Shining One.
  6966 | D:7      | Reached skill level 7 in Armour
  6984 | D:7      | Gained Garbold as an ally
  6986 | D:7      | Noticed a red ugly thing
  6992 | D:7      | Reached skill level 9 in Fighting
  7003 | D:7      | HP: 18/83 [red ugly thing (21)]
  7026 | D:7      | Your ally Garbold died
  7028 | D:7      | Killed a red ugly thing
  7028 | D:7      | Reached skill level 13 in Axes
  7028 | D:7      | Reached XP level 10. HP: 28/91 MP: 10/10
  7447 | D:7      | Found Utohairrai's Antique Weapon Shop.
  7461 | D:7      | Found an opulent altar of Gozag.
  7699 | Temple   | Entered the Ecumenical Temple
  7987 | D:8      | Reached **** piety under Beogh
  8018 | D:8      | Noticed a two-headed ogre
  8083 | D:8      | Gained Zorug as an ally
  8170 | D:8      | Killed a two-headed ogre
  8170 | D:8      | Reached skill level 8 in Armour
  8517 | D:8      | Found a transporter.
  8553 | D:8      | Noticed a kobold demonologist
  8568 | D:8      | Found a transporter.
  9012 | D:9      | Found a hazy altar of Hepliaklqana.
  9109 | D:9      | Found a transporter.
  9110 | D:9      | Noticed DapperDogman's ghost (novice MiFi)
  9123 | D:9      | Reached skill level 14 in Axes
  9143 | D:9      | Found an ancient bone altar of Kikubaaqudgha.
  9270 | D:9      | Gained Ugrim as an ally
  9340 | D:9      | Noticed a moth of wrath
  9343 | D:9      | Found a bloodstained altar of Trog.
  9351 | D:9      | HP: 19/93 [wyvern (19)]
  9745 | D:9      | Found a transporter.
  9768 | D:9      | Reached skill level 10 in Fighting
  9959 | D:9      | Paralysed by a hornet for 2 turns
 10012 | D:9      | Your ally Ugrim died
 10295 | D:9      | Found a shadowy altar of Dithmenos.
 10305 | D:9      | Got a smoking brass amulet
 10498 | D:10     | Entered Level 10 of the Dungeon
 10508 | D:10     | Gained Wargrak as an ally
 10512 | D:10     | Found a roughly hewn altar of Beogh.
 10512 | D:10     | Found a staircase to the Orcish Mines.
 10513 | D:10     | Your ally Wargrak died
 10527 | D:10     | Reached skill level 1 in Shields
 10559 | D:10     | Reached skill level 2 in Shields
 10808 | D:10     | Identified the amulet of the Disturbing Curses {Spirit
                  | *Corrode rPois MP+9 Int+3} (You found it on level 9 of the
                  | Dungeon)
 10847 | D:10     | Reached XP level 11. HP: 99/99 MP: 11/11
 10864 | D:10     | Reached skill level 15 in Axes
 10875 | D:10     | Found Kaulifau's General Store.
 11005 | D:10     | Reached skill level 3 in Shields
 11032 | D:10     | Found a staircase to the Lair.
 11047 | D:10     | Reached ***** piety under Beogh
 11511 | Lair:1   | Entered Level 1 of the Lair of Beasts
 11755 | Lair:1   | Reached skill level 4 in Shields
 12165 | Lair:1   | Noticed a five-headed hydra
 12188 | Lair:1   | Killed a seven-headed hydra
 12188 | Lair:1   | Reached skill level 16 in Axes
 12661 | Lair:2   | Gained Borgun as an ally
 12895 | Lair:2   | Noticed an eight-headed hydra
 12908 | Lair:2   | Killed a 12-headed hydra
 12908 | Lair:2   | Reached skill level 5 in Shields
 13385 | Lair:2   | Reached skill level 9 in Armour
 13581 | Lair:2   | HP: 14/101 [spiny frog (13)]
 14443 | Lair:2   | Found a staircase to the Swamp.
 14754 | Lair:3   | Reached skill level 6 in Shields
 14793 | Lair:3   | Reached skill level 11 in Fighting
 14869 | Lair:3   | Reached XP level 12. HP: 88/110 MP: 12/12
 15025 | Lair:3   | Found a hole to the Spider Nest.
 15153 | Lair:3   | Reached skill level 10 in Armour
 15161 | Lair:3   | Noticed a four-headed hydra
 15171 | Lair:3   | Killed a four-headed hydra
 15171 | Lair:3   | Reached skill level 7 in Shields
 15987 | Lair:4   | Identified the Guide on Bewitching Enhancements
 16480 | Lair:4   | Reached skill level 12 in Fighting
 16804 | Lair:5   | Reached skill level 8 in Shields
 16813 | Lair:5   | Found a staircase to the Slime Pits.
 17781 | Lair:6   | Entered Level 6 of the Lair of Beasts
 17827 | Lair:6   | Noticed Kirke
 18665 | Lair:6   | Killed Kirke
 18665 | Lair:6   | Reached skill level 11 in Armour
 18777 | Lair:6   | Reached skill level 9 in Shields
 19085 | Lair:6   | Noticed a seven-headed hydra
 19092 | Lair:6   | Killed a seven-headed hydra
 19535 | Lair:6   | Found a runed door.
 19543 | Lair:6   | Reached XP level 13. HP: 81/119 MP: 13/13
 19548 | Lair:6   | Noticed an ice dragon
 19555 | Lair:6   | Killed an ice dragon
 19555 | Lair:6   | Reached skill level 13 in Fighting
 19809 | Lair:6   | Paralysed by a hornet for 1 turns
 20211 | Lair:6   | Gained Bogric as an ally
 20684 | Lair:6   | Reached skill level 12 in Armour
 21216 | D:11     | Reached skill level 10 in Shields
 21216 | D:11     | Reached ****** piety under Beogh
 21458 | D:11     | Noticed Sonja
 21509 | D:11     | Got a clouded brass ring
 21522 | D:11     | HP: 30/123 [poisoned by Sonja (curare-tipped needle)]
 21528 | D:11     | HP: 29/123 [poisoned by Sonja (curare-tipped needle)]
 21585 | D:11     | Identified the ring of Bilebbag {rPois Str+3} (You found it
                  | on level 11 of the Dungeon)
 21913 | D:11     | Found an ancient bone altar of Kikubaaqudgha.
 21913 | D:11     | Found a stormy altar of Qazlal.
 21913 | D:11     | Found a deep blue altar of Sif Muna.
 21913 | D:11     | Found a deep blue altar of Sif Muna.
 21914 | D:11     | Killed Sonja
 21929 | D:11     | Reached skill level 14 in Fighting
 22315 | D:12     | Noticed Azrael
 22331 | D:12     | Killed Azrael
 22688 | D:12     | Noticed Maurice
 22709 | D:12     | Killed Maurice
 22812 | D:12     | Reached skill level 11 in Shields
 23125 | D:12     | Gained Borgoth as an ally
 23537 | D:13     | Reached skill level 13 in Armour
 23555 | D:13     | Reached XP level 14. HP: 119/133 MP: 14/14
 24297 | D:13     | Gained Koronagh as an ally
 24408 | D:13     | Found a runed gate.
 24408 | D:13     | Found a runed gate.
 24408 | D:13     | Found a runed gate.
 24408 | D:13     | Noticed George's ghost (journeyman MiFi)
 24417 | D:13     | Found an iron altar of Okawaru.
 24427 | D:13     | Your ally Koronagh died
 24447 | D:13     | Killed George's ghost
 24447 | D:13     | Reached skill level 15 in Fighting
 24467 | D:13     | Got a slimy helmet
 24483 | D:13     | Identified the +1 helmet "Kalu" {Slay+2} (You found it on
                  | level 13 of the Dungeon)
 25163 | D:13     | Got a clouded platinum ring
 25203 | D:13     | Identified the ring "Neumij" {MP+9 Str+3} (You found it on
                  | level 13 of the Dungeon)
 25259 | D:14     | Found Texzi's Assorted Antiques.
 25268 | D:14     | Bought a pair of runed boots for 322 gold pieces
 25297 | D:14     | Reached skill level 12 in Shields
 25497 | D:14     | Found a sparkling altar of Nemelex Xobeh.
 25515 | D:14     | Found a gate to the Vaults.
 26077 | D:14     | Found a runed gate.
 26078 | D:14     | Found a runed gate.
 26086 | D:14     | Reached skill level 14 in Armour
 26094 | D:14     | Found a runed gate.
 26095 | D:14     | Noticed galech's ghost (journeyman DsFi)
 26717 | D:15     | Entered Level 15 of the Dungeon
 27421 | D:15     | Reached skill level 13 in Shields
 27421 | D:15     | Reached XP level 15. HP: 129/143 MP: 12/15
 27430 | D:15     | Reached skill level 16 in Fighting
 27814 | D:15     | Found the +12 Vampire's Tooth {vamp}
 28281 | D:15     | Found a staircase to the Depths.
 28286 | D:15     | HP: 13/144 [ice dragon/blast of cold (59)]
 28862 | Orc:1    | Entered Level 1 of the Orcish Mines
 28922 | Orc:1    | Found Reepatwi's Antique Armour Shop.
 28943 | Orc:1    | Gained Murdo as an ally
 28946 | Orc:1    | Gained Blodwig as an ally
 28948 | Orc:1    | Found a shimmering altar of Xom.
 29233 | Orc:1    | Found a roughly hewn altar of Beogh.
 29278 | Orc:2    | Entered Level 2 of the Orcish Mines
 29373 | Orc:2    | Found a staircase to the Elven Halls.
 29412 | Orc:2    | Reached skill level 15 in Armour
 29425 | Orc:2    | Found Ucwumid's Antique Armour Shoppe.
 29425 | Orc:2    | Found Litaom's Food Boutique.
 29425 | Orc:2    | Gained Berold as an ally
 29427 | Orc:2    | Found Ateun's Weapon Shop.
 29431 | Orc:2    | Found Nutiluwi's Book Emporium.
 29924 | Orc:2    | Bought a glowing large shield for 195 gold pieces
 29924 | Orc:2    | Bought a glowing cloak for 195 gold pieces
 30080 | Swamp:1  | Entered Level 1 of the Swamp
 30162 | Swamp:1  | Noticed a thorn hunter
 30183 | Swamp:1  | Killed a thorn hunter
 30444 | Swamp:1  | HP: 36/145 [12-headed hydra (6)]
 30447 | Swamp:1  | HP: 11/145 [shambling mangrove (11)]
 30450 | Swamp:1  | Your ally Zorug died
 30455 | Swamp:1  | HP: 28/145 [shambling mangrove (9)]
 30894 | Swamp:1  | Noticed a tentacled monstrosity
 30941 | Swamp:1  | Killed a tentacled monstrosity
 30941 | Swamp:1  | Reached skill level 14 in Shields
 31115 | Swamp:1  | Found a runed gate.
 31115 | Swamp:1  | Found a runed gate.
 31115 | Swamp:1  | Found a runed gate.
 31118 | Swamp:1  | Noticed Bieppod's ghost (adept FoFi)
 31266 | Swamp:2  | Your ally Borgun died
 31350 | Swamp:3  | Reached skill level 17 in Fighting
 31388 | Swamp:3  | Your ally Murdo died
 31623 | Swamp:4  | Entered Level 4 of the Swamp
 31707 | Swamp:4  | Your ally Zorug died
 32008 | Swamp:3  | Upgraded the game from 0.23-a0-315-ga85b81c to
                  | 0.23-a0-890-gc183402
 32225 | Swamp:3  | Reached XP level 16. HP: 110/155 MP: 13/16
 32975 | Swamp:3  | Got a faintly glowing glaive
 32976 | Swamp:3  | Identified the +0 glaive of Nemelex Xobeh's Hope {chop,
                  | -Tele rN+ MR++} (You found it on level 3 of the Swamp)
 32992 | Swamp:3  | Found a runed door.
 32994 | Swamp:3  | Noticed Tovarisch's ghost (adept VSBe)
 33011 | Swamp:3  | Killed Tovarisch's ghost
 33286 | Swamp:3  | Your ally Berold died
 33346 | Swamp:4  | Noticed a thorn hunter
 33362 | Swamp:3  | Your ally Bogric died
 33392 | Swamp:3  | HP: 35/155 [16-headed hydra (5)]
 33392 | Swamp:3  | HP: 8/155 [16-headed hydra (11)]
 33395 | Swamp:3  | Your ally Blodwig died
 33398 | Swamp:3  | Reached skill level 16 in Armour
 33880 | Swamp:3  | Killed a thorn hunter
 33880 | Swamp:3  | HP: 33/156 [slime creature (13)]
 34304 | Swamp:4  | Your ally Borgoth died
 34739 | Spider:1 | Entered Level 1 of the Spider Nest
 34770 | Spider:1 | Found a transporter.
 34799 | Spider:1 | Noticed Lilu's ghost (adept DEFE)
 34832 | Spider:1 | Found a transporter.
 34893 | Spider:1 | Reached skill level 15 in Shields
 35586 | Elf:1    | Entered Level 1 of the Elven Halls
 36246 | Elf:1    | Reached skill level 18 in Fighting
 36656 | Elf:1    | Found a portal to a secret trove of treasure.
 37181 | Elf:2    | Identified Roxanne's Catalogue of the Mountains
 37181 | Elf:2    | Noticed Roxanne
 37290 | Elf:1    | Gained Hilgar as an ally
 37292 | Elf:1    | Your ally Hilgar died
 37580 | Elf:2    | HP: 22/158 [something/shard of ice (38)]
 38294 | Elf:2    | Found a huge runed translucent gate.
 38294 | Elf:2    | Found a huge runed translucent gate.
 38294 | Elf:2    | Found a huge runed translucent gate.
 38451 | Elf:2    | Found a huge runed translucent gate.
 38451 | Elf:2    | Found a huge runed translucent gate.
 38689 | Elf:2    | Reached XP level 17. HP: 166/166 MP: 17/17
 38694 | Elf:2    | Noticed a deep elf blademaster
 38709 | Elf:2    | Killed a deep elf blademaster
 38709 | Elf:2    | Reached skill level 17 in Armour
 39251 | Elf:2    | Gained Bogwik as an ally
 39394 | Elf:2    | Reached skill level 16 in Shields
 40147 | Elf:3    | Entered Level 3 of the Elven Halls
 40591 | Elf:3    | Noticed a sphinx
 40591 | Elf:3    | Noticed a sphinx
 40592 | Elf:3    | Noticed a sphinx
 40594 | Elf:3    | Noticed a sphinx
 40599 | Elf:3    | Killed a sphinx
 40599 | Elf:3    | Killed a sphinx
 40603 | Elf:3    | Reached skill level 19 in Fighting
 40616 | Elf:3    | Killed a sphinx
 40620 | Elf:3    | Killed a sphinx
 40643 | Elf:3    | Noticed a sphinx
 40645 | Elf:3    | HP: 41/168 [sphinx/divine providence (12)]
 40653 | Elf:3    | Killed a sphinx
 40654 | Elf:3    | HP: 35/168 [rime drake (1)]
 41066 | Elf:3    | Noticed a deep elf blademaster
 41069 | Elf:3    | Noticed a deep elf master archer
 41070 | Elf:3    | Noticed a deep elf master archer
 41078 | Elf:3    | Killed a deep elf blademaster
 41078 | Elf:3    | Noticed a deep elf blademaster
 41081 | Elf:3    | Killed a deep elf master archer
 41084 | Elf:3    | Killed a deep elf master archer
 41088 | Elf:3    | Noticed a deep elf blademaster
 41095 | Elf:3    | Your ally Bogwik died
 41129 | Elf:3    | Killed a deep elf blademaster
 41616 | Elf:3    | Killed a deep elf blademaster
 41620 | Elf:3    | Noticed a Hell Sentinel
 41629 | Elf:3    | Reached skill level 17 in Axes
 41831 | Elf:3    | Reached XP level 18. HP: 173/176 MP: 18/18
 42192 | Elf:3    | Reached skill level 18 in Armour
 42518 | Elf:3    | Noticed a deep elf master archer
 42518 | Elf:3    | Noticed a deep elf master archer
 42532 | Elf:3    | HP: 43/177 [deep elf master archer/arrow (11)]
 42533 | Elf:3    | Killed a deep elf master archer
 42537 | Elf:3    | HP: 24/178 [deep elf master archer/arrow (16)]
 42537 | Elf:3    | Shot with an arrow by a deep elf master archer

Vault maps used:
D:1:      lemuel_arrival_muddy, minmay_tetromino_t2
D:2:      uniq_sigmund, uniq_jessica
D:3:      lemuel_doored_altar
D:4:      kennysheep_little_box, first_ration
D:5:      dancing_weapons_uskayaw, serial_rivers, chequers_serial_rivers_marsh,
          chequers_serial_rivers_small_a, chequers_serial_rivers_small_a,
          chequers_serial_rivers_micro_e
D:6:      basic_altar, nicolae_ru_the_path_less_chosen, uniq_pikel
D:7:      cheibrodos_fzero, old_standard_altar, kennysheep_mini,
          minmay_temple_entry_glass, serial_shops, shop_fountains,
          nicolae_shop_crystal
D:8:      gammafunk_wand_slinger
D:9:      grunt_dithmenos_smoke_and_mirrors, nicolae_overflow_crystal_walls,
          marbit_many_paths, tgw_trog, gammafunk_ghost_stat_death,
          hangedman_pestilent_swarm, kennysheep_diamond,
          hangedman_decor_clover_reticule
D:10:     erik_lair_island, david_orc_5, serial_shops, shop, chequers_avenue
D:11:     minmay_the_grid_octo_tiled_octocenter_mashed,
          portal_ice_cave_demonic_guard, special_room, uniq_maurice, uniq_sonja
D:12:     spider_trap, uniq_azrael
D:13:     gammafunk_ghost_fury_of_okawaru, lemuel_freeze_loot_1
D:14:     erik_vaults_1, serial_shops, nicolae_shop_crystal,
          gammafunk_ghost_split, hangedman_decor_points,
          nemelex_xobeh_ov_fountains_minmay
D:15:     grunt_enter_depths_hoard, minmay_misc_feat_rows,
          minmay_guarded_unrand_vampires_tooth
Temple:   nicolae_temple_figure_eight
Lair:1:   grunt_megastairs_3
Lair:2:   swamp_mist_pool, st_stairs_7, small_statue_intersection
Lair:3:   spider_nest_entry_rubble, cheibrodos_lair_lostbears
Lair:5:   minmay_slime_entry_jelly_boxes
Lair:6:   wormcave, grunt_megastairs_4, uniq_kirke
Swamp:1:  cheibrodos_swamp_monstrosity, ebering_ghost_rock_garden,
          nicolae_swamp_treefoil, swamp_pool2, nicolae_swamp_dense_foliage
Swamp:2:  nicolae_swamp_fairy_circle
Swamp:3:  ebering_ghost_inner_flame, serial_swamp_ruin,
          evilmike_swamp_ruin_rubble_2, evilmike_swamp_ruin_house_3,
          evilmike_swamp_ruin_house_5
Swamp:4:  swamp
Spider:1: gammafunk_ghost_berserking_beasts, hangedman_spider_trapstep
Orc:1:    serial_shops, shop, basic_altar, david_defended_altar_orc
Orc:2:    st_orc_rangers
Elf:1:    enter_trove_5, hangedman_corner_corridor
Elf:2:    uniq_roxanne
Elf:3:    minmay_elf_hall, special_room

Skill      XL: |  1  2  3  4  5  6  7  8  9 10 11 12 13 14 15 16 17 18 |
---------------+-------------------------------------------------------+-----
Armour         | 1 2 3 4 5 7 8 9 11 13 14 15 16 17 18 | 18.0
Fighting       | 4 5 6 7 9 10 11 12 14 15 17 18 19 | 19.6
Axes           | 5 6 7 9 11 13 14 16 17 | 17.3
Shields        | 2 6 9 11 13 14 15 16 | 16.9
Dodging        | |  2.4
Stealth        | |  1.5

Action                   |  1- 3 |  4- 6 |  7- 9 | 10-12 | 13-15 | 16-18 || total
-------------------------+-------+-------+-------+-------+-------+-------++-------
Melee: Hand axe          |   106 |    94 |       |       |       |       ||   200
       War axe           |       |   108 |   307 |   516 |   891 |   445 ||  2267
       Broad axe         |       |       |       |       |       |   259 ||   259
Invok: Convert to Beogh  |       |       |     1 |       |       |       ||     1
       Recall Orcish Fol |       |       |       |     2 |     8 |     6 ||    16
       Stop Recall       |       |       |       |     1 |     6 |     1 ||     8
       Give Item to Name |       |       |       |       |     3 |     1 ||     4
       Resurrection      |       |       |       |       |     1 |       ||     1
 Abil: Evoke Flight      |       |       |       |       |     1 |       ||     1
Evoke: Wand              |       |       |       |       |       |     4 ||     4
  Use: Potion            |     1 |     1 |     2 |     2 |    10 |       ||    16
       Scroll            |       |     5 |     6 |    17 |    14 |     4 ||    46
 Stab: Sleeping          |     1 |     5 |     2 |       |       |       ||     8
       Distracted        |       |       |     1 |       |     9 |     2 ||    12
  Eat: Chunk             |     2 |     8 |     8 |    19 |    13 |     7 ||    57
       Ration            |       |       |     1 |     7 |     7 |     8 ||    23
Armor: Robe              |    29 |    21 |       |       |       |       ||    50
       Leather armour    |       |    14 |    60 |       |       |       ||    74
       Plate armour      |       |       |    49 |   486 |   339 |       ||   874
       Fire dragon scale |       |       |       |       |   235 |   367 ||   602
Dodge: Dodged            |   106 |   113 |   165 |   232 |   315 |   184 ||  1115
Block: Buckler           |       |       |       |   112 |   194 |       ||   306
       Large shield      |       |       |       |       |   333 |   781 ||  1114
       Shield            |       |       |       |       |    97 |       ||    97

Table legend:
 A = Non-vault XP
 B = Vault XP
 C = Vault XP percentage of total XP
 D = Non-vault monster count
 E = Vault monster count
 F = Vault count percentage of total count
                 A         B        C        D         E       F
            +---------+---------+-------+---------+---------+-------
      Total |  133452 |  127861 |  48.9 |     676 |     274 |  28.8
            +---------+---------+-------+---------+---------+-------
        D:1 |      30 |       1 |   3.2 |      19 |       1 |   5.0
        D:2 |      47 |      37 |  44.0 |      14 |       1 |   6.7
        D:3 |      80 |       0 |   0.0 |      16 |       0 |   0.0
        D:4 |     355 |       0 |   0.0 |      25 |       0 |   0.0
        D:5 |     776 |       0 |   0.0 |      26 |       0 |   0.0
        D:6 |    1199 |     718 |  37.5 |      34 |       1 |   2.9
        D:7 |     910 |    1105 |  54.8 |      21 |      13 |  38.2
        D:8 |    1667 |       0 |   0.0 |      27 |       0 |   0.0
        D:9 |     707 |     631 |  47.2 |      18 |      12 |  40.0
       D:10 |    1337 |     992 |  42.6 |      16 |      15 |  48.4
       D:11 |    2782 |    6934 |  71.4 |      30 |      39 |  56.5
       D:12 |    3457 |    1872 |  35.1 |      32 |       9 |  22.0
       D:13 |    7120 |    5303 |  42.7 |      35 |       7 |  16.7
       D:14 |    9764 |    1106 |  10.2 |      34 |       2 |   5.6
       D:15 |   13748 |    4492 |  24.6 |      38 |      10 |  20.8
     Lair:1 |    2037 |     406 |  16.6 |      11 |       4 |  26.7
     Lair:2 |    3546 |     172 |   4.6 |      20 |       1 |   4.8
     Lair:3 |    3704 |     829 |  18.3 |      17 |       4 |  19.0
     Lair:4 |    2996 |       0 |   0.0 |      21 |       0 |   0.0
     Lair:5 |    1908 |     498 |  20.7 |      11 |      15 |  57.7
     Lair:6 |    2359 |    8682 |  78.6 |      13 |      26 |  66.7
    Swamp:1 |    9209 |    2737 |  22.9 |      23 |       1 |   4.2
    Swamp:2 |    2449 |       0 |   0.0 |      11 |       0 |   0.0
    Swamp:3 |   12202 |    6844 |  35.9 |      33 |       8 |  19.5
    Swamp:4 |    6724 |    1302 |  16.2 |      14 |       2 |  12.5
   Spider:1 |    3972 |       0 |   0.0 |      18 |       0 |   0.0
      Orc:1 |    6205 |      63 |   1.0 |      24 |       2 |   7.7
      Orc:2 |    1798 |    1516 |  45.7 |      18 |      19 |  51.4
      Elf:1 |   14596 |    4888 |  25.1 |      24 |       5 |  17.2
      Elf:2 |    9307 |   20759 |  69.0 |      22 |      28 |  56.0
      Elf:3 |    6461 |   55974 |  89.7 |      11 |      49 |  81.7
            +---------+---------+-------+---------+---------+-------

Vault maps used:
D:1:      lemuel_arrival_muddy, minmay_tetromino_t2
D:2:      uniq_sigmund, uniq_jessica
D:3:      lemuel_doored_altar
D:4:      kennysheep_little_box, first_ration
D:5:      dancing_weapons_uskayaw, serial_rivers, chequers_serial_rivers_marsh,
          chequers_serial_rivers_small_a, chequers_serial_rivers_small_a,
          chequers_serial_rivers_micro_e
D:6:      basic_altar, nicolae_ru_the_path_less_chosen, uniq_pikel
D:7:      cheibrodos_fzero, old_standard_altar, kennysheep_mini,
          minmay_temple_entry_glass, serial_shops, shop_fountains,
          nicolae_shop_crystal
D:8:      gammafunk_wand_slinger
D:9:      grunt_dithmenos_smoke_and_mirrors, nicolae_overflow_crystal_walls,
          marbit_many_paths, tgw_trog, gammafunk_ghost_stat_death,
          hangedman_pestilent_swarm, kennysheep_diamond,
          hangedman_decor_clover_reticule
D:10:     erik_lair_island, david_orc_5, serial_shops, shop, chequers_avenue
D:11:     minmay_the_grid_octo_tiled_octocenter_mashed,
          portal_ice_cave_demonic_guard, special_room, uniq_maurice, uniq_sonja
D:12:     spider_trap, uniq_azrael
D:13:     gammafunk_ghost_fury_of_okawaru, lemuel_freeze_loot_1
D:14:     erik_vaults_1, serial_shops, nicolae_shop_crystal,
          gammafunk_ghost_split, hangedman_decor_points,
          nemelex_xobeh_ov_fountains_minmay
D:15:     grunt_enter_depths_hoard, minmay_misc_feat_rows,
          minmay_guarded_unrand_vampires_tooth
Temple:   nicolae_temple_figure_eight
Lair:1:   grunt_megastairs_3
Lair:2:   swamp_mist_pool, st_stairs_7, small_statue_intersection
Lair:3:   spider_nest_entry_rubble, cheibrodos_lair_lostbears
Lair:5:   minmay_slime_entry_jelly_boxes
Lair:6:   wormcave, grunt_megastairs_4, uniq_kirke
Swamp:1:  cheibrodos_swamp_monstrosity, ebering_ghost_rock_garden,
          nicolae_swamp_treefoil, swamp_pool2, nicolae_swamp_dense_foliage
Swamp:2:  nicolae_swamp_fairy_circle
Swamp:3:  ebering_ghost_inner_flame, serial_swamp_ruin,
          evilmike_swamp_ruin_rubble_2, evilmike_swamp_ruin_house_3,
          evilmike_swamp_ruin_house_5
Swamp:4:  swamp
Spider:1: gammafunk_ghost_berserking_beasts, hangedman_spider_trapstep
Orc:1:    serial_shops, shop, basic_altar, david_defended_altar_orc
Orc:2:    st_orc_rangers
Elf:1:    enter_trove_5, hangedman_corner_corridor
Elf:2:    uniq_roxanne
Elf:3:    minmay_elf_hall, special_room

Table legend:
 A = Turns spent in this place as a percentage of turns spent in the entire game.
 B = Non-inter-level travel turns spent in this place as a percentage of non-inter-level travel turns spent in the entire game.
 C = Inter-level travel turns spent in this place as a percentage of turns spent in this place.
 D = Turns resting spent in this place as a percentage of non-inter-level travel turns spent in this place.
 E = Turns spent auto-exploring this place as a percentage of non-inter-level travel turns spent in this place.
 F = Non-inter-level travel turns spent in this place divided by the number of levels of this place that you've seen.
                   A       B       C       D       E      F
               +-------+-------+-------+-------+-------+----------------------
         Total | 100.0 | 100.0 |   5.3 |  35.9 |  33.9 | 1258.8
       Dungeon |  45.8 |  45.0 |   7.0 |  32.0 |  37.2 | 1207.3
        Temple |   0.5 |   0.5 |   4.5 |   0.0 |  97.4 | 192.0
          Lair |  22.7 |  23.0 |   4.2 |  42.9 |  39.9 | 1544.7
         Swamp |  10.1 |  10.2 |   3.8 |  49.3 |  20.3 | 1029.0
   Spider Nest |   0.5 |   0.4 |  19.3 |   0.0 |  21.5 | 163.0
  Orcish Mines |   4.1 |   4.2 |   3.1 |   0.0 |  44.2 | 847.5
   Elven Halls |  16.3 |  16.7 |   3.0 |  39.6 |  21.2 | 2246.3
               +-------+-------+-------+-------+-------+----------------------

Table legend:
 A = Kills in this place as a percentage of kills in entire the game.
 B = Kills by you in this place as a percentage of kills by you in the entire game.
 C = Kills by friends in this place as a percentage of kills by friends in the entire game.
 D = Other kills in this place as a percentage of other kills in the entire game.
 E = Experience gained in this place as a percentage of experience gained in the entire game.
 F = Experience gained in this place divided by the number of levels of this place that you have seen.
                   A       B       C       D       E      F
               +-------+-------+-------+-------+-------+----------------------
         Total | 100.0 | 100.0 | 100.0 | 100.0 | 100.0 | 8166.0
       Dungeon |  52.1 |  54.9 |  48.7 |  33.3 |  25.7 | 4478.0
          Lair |  15.1 |   8.8 |  23.4 |   0.0 |  10.4 | 4522.8
         Swamp |   9.7 |  10.8 |   8.3 |   0.0 |  15.9 | 10366.8
   Spider Nest |   1.9 |   2.6 |   1.0 |   0.0 |   1.5 | 3972.0
  Orcish Mines |   6.6 |   4.5 |   9.0 |  66.7 |   3.7 | 4791.0
   Elven Halls |  14.6 |  18.5 |   9.7 |   0.0 |  42.9 | 37328.3
               +-------+-------+-------+-------+-------+----------------------
